[Event "ICC tourney 1994 (90 10)"]
[Site "Internet Chess Club"]
[Date "2020.09.05"]
[Round "2"]
[White "chessrani"]
[Black "gmRohde"]
[Result "1/2-1/2"]
[ICCResult "Game drawn by mutual agreement"]
[WhiteElo "2005"]
[BlackElo "1727"]
[Opening "Sicilian: Taimanov variation"]
[ECO "B49"]
[NIC "SI.40"]
[Time "15:36:10"]
[TimeControl "5400+10"]

1. e4 c5 2. Nf3 e6 3. d4 cxd4 4. Nxd4 Nc6 5. Nc3 Qc7 6. Be3 a6 7. Be2 Nf6 8.
O-O Bb4 9. Bf3 O-O 10. Bg5 Ne5 11. Bxf6 gxf6 12. Be2 Ng6 13. Qd3 Kh8 14. Qf3
Qf4 15. Rad1 Qxf3 16. Nxf3 Nf4 17. Bc4 b5 18. Bd3 Bb7 19. Ne2 Nxd3 20. cxd3
d5 21. Ng3 Rac8 22. Rc1 Bd6 23. exd5 Bxd5 24. Ne4 Bf4 25. Rxc8 Rxc8 26. Nxf6
Bxf3 27. gxf3 Be5 28. Ne4 Bxb2 29. Rd1 Bd4 30. Kf1 f5 31. Ng5 e5 32. Nf7+
Kg7 33. Nd6 Rc2 34. Nxf5+ Kf6 35. Nxd4 exd4 36. Ra1 Rd2 37. Ke1 Rxd3 38. Ke2
Ra3 39. Rc1 Rc3 40. Rd1 Ke5 41. f4+ Ke4 42. f3+ Kd5 43. f5 Re3+ 44. Kf2 Re5
45. f4 Rxf5 46. Kf3 Rh5 47. Rd2 Kc4 48. Ke4 d3 49. Rxd3 Rxh2 50. Ra3 h5 51.
Rxa6 h4 52. Rh6 Rxa2 53. Rxh4 b4 54. f5 b3 55. Ke5+ Kc5 56. Rh3 Re2+ 57. Kf6
Kc4 58. Kf7 b2 59. Rh1 Rc2 60. Rb1 Kb3 61. f6 Ka2 62. Rxb2+ Kxb2 63. Kg7
Rg2+ 64. Kh7 {Game drawn by mutual agreement} 1/2-1/2

[Event "ICC tourney 1994 (90 10)"]
[Site "Internet Chess Club"]
[Date "2020.09.05"]
[Round "2"]
[White "xyzchessdude"]
[Black "CARTERD253"]
[Result "1/2-1/2"]
[ICCResult "Game drawn by repetition"]
[WhiteElo "2057"]
[BlackElo "2134"]
[Opening "Queen's pawn, Mason variation"]
[ECO "D00"]
[NIC "QP.08"]
[Time "15:36:05"]
[TimeControl "5400+10"]

1. d4 d5 2. Bf4 Nf6 3. e3 e6 4. Nd2 Be7 5. Ngf3 Nbd7 6. Ne5 Nxe5 7. dxe5 Nd7
8. c3 b6 9. Bd3 Bb7 10. h4 f5 11. Nf3 Nc5 12. Bb5+ c6 13. Be2 Qd7 14. Nd4 a5
15. Qc2 Ba6 16. Rd1 Bxe2 17. Qxe2 g6 18. Nf3 h6 19. Qc2 Na6 20. Nd2 Kf7 21.
Nc4 Qd8 22. h5 g5 23. Bh2 b5 24. Nd6+ Bxd6 25. exd6 Qf6 26. O-O e5 27. a4
bxa4 28. c4 Nb4 29. Qc3 f4 30. cxd5 cxd5 31. Qc7+ Kg8 32. exf4 gxf4 33. Rfe1
Rh7 34. d7 Rd8 35. Qxa5 Rhxd7 36. Qxb4 e4 37. Qd4 Qg5 38. Qd2 Rg7 39. f3
exf3 40. Bxf4 Qxg2+ 41. Qxg2 Rxg2+ 42. Kf1 Rxb2 43. Re6 Rf8 44. Rg6+ Kf7 45.
Rxd5 a3 46. Be5 Rc8 47. Rg7+ Ke6 48. Bxb2 axb2 49. Rb5 Rc1+ 50. Kf2 b1=Q 51.
Rxb1 Rxb1 52. Kxf3 Rb5 53. Rg6+ Kf7 54. Rxh6 Rg5 55. Kf4 Rg1 56. Ra6 Kg7 57.
h6+ Kh7 58. Kf5 Rf1+ 59. Kg5 Rg1+ 60. Kf5 Rf1+ 61. Kg5 Rg1+ 62. Kf5 Rf1+ 63.
Kg5 Rg1+ {Game drawn by repetition} 1/2-1/2

[Event "ICC tourney 1994 (90 10)"]
[Site "Internet Chess Club"]
[Date "2020.09.05"]
[Round "2"]
[White "BlueJay01"]
[Black "HarleyQueen8"]
[Result "1-0"]
[ICCResult "Black checkmated"]
[WhiteElo "2061"]
[BlackElo "1731"]
[Opening "English: symmetrical variation"]
[ECO "A30"]
[NIC "EO.64"]
[Time "15:36:15"]
[TimeControl "5400+10"]

1. c4 c5 2. g3 Nc6 3. Bg2 g6 4. Nf3 Bg7 5. O-O e6 6. Nc3 Nge7 7. d3 O-O 8.
Bd2 d5 9. Rb1 Bd7 10. a3 a5 11. Ne1 Be8 12. Nc2 Nd4 13. b4 Nxc2 14. Qxc2
axb4 15. axb4 cxb4 16. Rxb4 Bc6 17. Rfb1 Rb8 18. Bg5 f6 19. Bf4 Rc8 20. Nb5
Bxb5 21. Rxb5 dxc4 22. dxc4 Qd4 23. c5 Nd5 24. Bxd5 Qxd5 25. e4 Qc6 26. Rb6
Qxc5 27. Qxc5 Rxc5 28. Bd6 Rc2 29. Bxf8 Bxf8 30. Rxe6 Kf7 31. Reb6 Bc5 32.
Rxb7+ Ke6 33. Rf1 Ke5 34. Rxh7 Kxe4 35. Kg2 g5 36. Rh8 Ba7 37. Ra8 Bd4 38.
Ra4 Rd2 39. Rb4 Kf5 40. Rbb1 Rc2 41. Rbd1 Bb6 42. Rd3 g4 43. Rb3 Bd4 44. Rb4
Ba7 45. Rf4+ Kg5 46. Rd1 Rc5 47. Rd7 Bb6 48. Rg7+ Kh6 49. Rgxg4 f5 50. Rg8
Kh7 51. Rg5 Kh6 52. Rgxf5 Rxf5 53. Rxf5 Kg6 54. g4 Bd8 55. f4 Kh6 56. Rd5
Be7 57. Rd7 Bh4 58. g5+ Kg6 59. Rd6+ Kg7 60. Re6 Kf7 61. Re3 Kg6 62. Kf3 Kf5
63. Re2 Bxg5 64. fxg5 Kxg5 65. h4+ Kxh4 66. Re5 Kh3 67. Rh5# {Black
checkmated} 1-0

[Event "ICC tourney 1994 (90 10)"]
[Site "Internet Chess Club"]
[Date "2020.09.06"]
[Round "3"]
[White "Tombstone"]
[Black "agpil"]
[Result "0-1"]
[ICCResult "White checkmated"]
[WhiteElo "2009"]
[BlackElo "1882"]
[Opening "King's Indian: fianchetto, Simagin variation"]
[ECO "E62"]
[NIC "KI.72"]
[Time "11:03:33"]
[TimeControl "5400+10"]

1. d4 Nf6 2. c4 g6 3. g3 Bg7 4. Bg2 O-O 5. Nf3 d6 6. O-O Nc6 7. Nc3 Bg4 8.
h3 Bxf3 9. Bxf3 Nd7 10. e3 e5 11. d5 Ne7 12. e4 f5 13. Bg5 h6 14. Bxe7 Qxe7
15. Bg2 f4 16. g4 Rf7 17. f3 Bf6 18. b4 h5 19. Rc1 hxg4 20. fxg4 Bh4 21. Na4
Raf8 22. Qf3 Nf6 23. Qd3 Nh7 24. Bf3 Ng5 25. Kg2 Bg3 26. Rh1 Rh7 27. Rc2 Rh4
28. c5 Qh7 29. Kf1 Rxh3 30. Rxh3 Qxh3+ 31. Rg2 Qh1+ 32. Ke2 Qe1#
{White checkmated}
0-1

[Event "ICC tourney 1994 (90 10)"]
[Site "Internet Chess Club"]
[Date "2020.09.06"]
[Round "3"]
[White "GutsyEdge"]
[Black "ThunderingFish"]
[Result "1/2-1/2"]
[ICCResult "Game drawn by mutual agreement"]
[WhiteElo "2066"]
[BlackElo "1899"]
[Opening "Catalan: closed, 6...Nbd7"]
[ECO "E07"]
[NIC "QI.01"]
[Time "11:03:40"]
[TimeControl "5400+10"]

1. d4 Nf6 2. c4 e6 3. Nf3 Be7 4. g3 O-O 5. Bg2 d5 6. O-O Nbd7 7. Nbd2 c5 8.
dxc5 Bxc5 9. cxd5 Nxd5 10. Nb3 Bb6 11. e4 N5f6 12. Qd3 a5 13. a4 Nc5 14.
Nxc5 Bxc5 15. Qc4 b6 16. Qc2 Bb7 17. Ng5 g6 18. Rd1 Qe7 19. Nh3 Qc7 20. Be3
Rac8 21. Bxc5 Qxc5 22. Qxc5 Rxc5 {Game drawn by mutual agreement} 1/2-1/2

[Event "ICC tourney 1994 (90 10)"]
[Site "Internet Chess Club"]
[Date "2020.09.06"]
[Round "3"]
[White "pianoboy"]
[Black "WR3311"]
[Result "0-1"]
[ICCResult "White resigns"]
[WhiteElo "1842"]
[BlackElo "1841"]
[Opening "QGD Slav defense"]
[ECO "D10"]
[NIC "SL.01"]
[Time "11:03:37"]
[TimeControl "5400+10"]

1. d4 d5 2. c4 c6 3. Nc3 Nf6 4. Bf4 Bf5 5. e3 e6 6. Nf3 Bd6 7. Bxd6 Qxd6 8.
Bd3 Bxd3 9. Qxd3 Nbd7 10. O-O O-O 11. Rad1 Rfd8 12. c5 Qc7 13. Rb1 e5 14.
Nd2 Ng4 15. g3 exd4 16. exd4 Re8 17. Rfe1 Ngf6 18. b4 a6 19. a4 Rxe1+ 20.
Rxe1 Re8 21. Rxe8+ Nxe8 22. Nb3 Ndf6 23. f3 Qd7 24. b5 axb5 25. axb5 Nc7 26.
bxc6 bxc6 27. Na5 Ne6 28. Ne2 Qc8 29. Kf2 Qa8 30. Qc3 Qa6 31. Qb4 Nd7 32.
Ke3 Kf8 33. Nb7 Ke7 34. Nd6 g6 35. Qc3 Qa4 36. Kf2 h5 37. Qe3 Qc2 38. f4 Nf6
39. h3 Kf8 40. Kf3 Ng7 41. Qa3 Nf5 42. Qa8+ Kg7 43. Nxf5+ Qxf5 44. Qxc6 Qd3+
45. Kf2 Ne4+ 46. Kg1 Qxe2 {White resigns} 0-1

[Event "ICC tourney 1994 (90 10)"]
[Site "Internet Chess Club"]
[Date "2020.09.06"]
[Round "3"]
[White "Zippycollar"]
[Black "playerlucky"]
[Result "1-0"]
[ICCResult "Black resigns"]
[WhiteElo "1652"]
[BlackElo "1886"]
[Opening "King's Indian, 3.Nf3"]
[ECO "E60"]
[NIC "KI.80"]
[Time "11:03:42"]
[TimeControl "5400+10"]

1. d4 Nf6 2. c4 g6 3. Nf3 Bg7 4. Bf4 O-O 5. e3 d6 6. Nc3 c6 7. Be2 Nh5 8.
Bg5 f5 9. Qb3 Nf6 10. O-O Qc7 11. Rac1 e5 12. c5+ d5 13. Nxe5 Ne4 14. Nxe4
fxe4 15. Bf4 Qd8 16. Qd1 Nd7 17. Nxd7 Bxd7 18. b4 b6 19. b5 Rc8 20. bxc6
Bxc6 21. Ba6 Ra8 22. Qb3 Bxd4 23. Bh6 Bg7 24. Bxg7 Kxg7 25. cxb6 Qxb6 26.
Rxc6 Qxc6 27. Bb7 Qd6 28. Bxa8 {Black resigns} 1-0

[Event "ICC tourney 1994 (90 10)"]
[Site "Internet Chess Club"]
[Date "2020.09.06"]
[Round "3"]
[White "Yooper"]
[Black "IAlwaysWin"]
[Result "1/2-1/2"]
[ICCResult "Game drawn by mutual agreement"]
[WhiteElo "1876"]
[BlackElo "1854"]
[Opening "French defense, Steiner variation"]
[ECO "A13"]
[NIC "EO.64"]
[Time "11:03:51"]
[TimeControl "5400+10"]

1. c4 e6 2. e4 g6 3. Nc3 Bg7 4. g3 Ne7 5. Bg2 O-O 6. Nge2 d6 7. O-O Nd7 8.
d3 e5 9. Be3 a5 10. Qd2 f5 11. Bg5 Nf6 12. Rad1 c6 13. d4 Nxe4 14. Nxe4 fxe4
15. dxe5 Bxe5 16. Bxe4 Bh3 17. Bg2 Bxg2 18. Kxg2 Qc7 19. f4 Bg7 20. Nd4 Bxd4
21. Bxe7 Qxe7 22. Qxd4 Rad8 23. Rfe1 Qf7 24. b3 {Game drawn by mutual
agreement} 1/2-1/2

[Event "ICC tourney 1994 (90 10)"]
[Site "Internet Chess Club"]
[Date "2020.09.06"]
[Round "3"]
[White "BreatheChessAls"]
[Black "chessisthebest1"]
[Result "0-1"]
[ICCResult "White resigns"]
[WhiteElo "1929"]
[BlackElo "1905"]
[Opening "Queen's pawn, Mason variation"]
[ECO "D00"]
[NIC "QP.08"]
[Time "11:03:23"]
[TimeControl "5400+10"]

1. d4 d5 2. Bf4 Nf6 3. e3 e6 4. Nd2 c5 5. c3 Nc6 6. Ngf3 Be7 7. h3 O-O 8.
Bd3 b6 9. O-O Bb7 10. Ne5 Bd6 11. Qc2 c4 12. Be2 Qc7 13. Ndf3 b5 14. b3 Rab8
15. Nxc6 Bxc6 16. Ne5 Be8 17. Bf3 Nd7 18. Nxd7 Bxd7 19. Bxd6 Qxd6 20. e4 Bc6
21. e5 Qe7 22. Bg4 f5 23. exf6 gxf6 24. Rae1 Bd7 25. Re3 Qd6 26. Bh5 Kh8 27.
Qe2 f5 28. f4 Rf6 29. Rg3 cxb3 30. axb3 b4 31. Qe5 Qxe5 32. fxe5 Rh6 33. Be2
Bb5 34. Bxb5 Rxb5 35. Ra1 Rg6 36. Rxg6 hxg6 37. c4 dxc4 38. bxc4 Rb7 39. d5
exd5 40. cxd5 b3 41. d6 b2 42. Rb1 Kg7 43. e6 Kf8 44. Kf2 a5 45. Kg3 a4 46.
Kf4 a3 47. Kg5 a2 48. d7 Ke7 49. Rd1 Rb8 {White resigns} 0-1

[Event "ICC tourney 1994 (90 10)"]
[Site "Internet Chess Club"]
[Date "2020.09.06"]
[Round "3"]
[White "Sricharan07"]
[Black "Heliosis"]
[Result "0-1"]
[ICCResult "White resigns"]
[WhiteElo "1881"]
[BlackElo "1884"]
[Opening "Ruy Lopez: 5.O-O"]
[ECO "C78"]
[NIC "RL.12"]
[Time "11:04:18"]
[TimeControl "5400+10"]

1. e4 e5 2. Nf3 Nc6 3. Bb5 a6 4. Ba4 Nf6 5. O-O b5 6. Bb3 Bc5 7. Re1 O-O 8.
h3 d6 9. c3 Bb6 10. d3 h6 11. Nbd2 Be6 12. Bc2 Ne7 13. Nf1 Ng6 14. Ng3 Re8
15. d4 c5 16. d5 Bd7 17. b3 c4 18. bxc4 bxc4 19. Ne2 Nh5 20. Be3 Bxe3 21.
fxe3 Nh4 22. Rf1 Nxf3+ 23. Rxf3 Qg5 24. Qf1 Re7 25. Qf2 Rb8 26. Rb1 Rxb1+
27. Bxb1 Bc8 28. Bc2 Rb7 29. Ba4 Rb1+ 30. Kh2 Nf6 31. Bc2 Rb2 32. Rg3 Ng4+
33. Rxg4 Bxg4 34. Ng3 Bd1 {White resigns} 0-1

[Event "ICC tourney 1994 (90 10)"]
[Site "Internet Chess Club"]
[Date "2020.09.06"]
[Round "3"]
[White "Blue-Elephant1"]
[Black "RisingRook"]
[Result "1-0"]
[ICCResult "Black checkmated"]
[WhiteElo "2102"]
[BlackElo "1945"]
[Opening "Nimzo-Indian: Kmoch variation"]
[ECO "E20"]
[NIC "NI.30"]
[Time "11:03:49"]
[TimeControl "5400+10"]

1. d4 Nf6 2. c4 e6 3. Nc3 Bb4 4. f3 c5 5. d5 d6 6. e4 Bxc3+ 7. bxc3 e5 8.
Bd3 O-O 9. Ne2 Nh5 10. O-O f5 11. exf5 Nf6 12. Ng3 Nbd7 13. Rb1 a6 14. Qc2
Kh8 15. Ne4 Qe7 16. Ng5 b5 17. Ne6 Rf7 18. a4 Rb8 19. axb5 axb5 20. Bg5 bxc4
21. Bxc4 Nb6 22. Rb2 Bxe6 23. fxe6 Rff8 24. Ba2 c4 25. Rfb1 Qc7 26. Bxf6
gxf6 27. Rb5 Rb7 28. Qf2 Rfb8 29. e7 Qxe7 30. Rxb6 Rxb6 31. Rxb6 Qa7 32.
Rxb8+ Qxb8 33. Bxc4 Qb1+ 34. Bf1 Kg7 35. c4 Qc1 36. h3 f5 37. Qb6 e4 38.
fxe4 fxe4 39. Qd4+ Kh6 40. Qf6+ Kh5 41. g4# {Black checkmated} 1-0

[Event "ICC tourney 1994 (90 10)"]
[Site "Internet Chess Club"]
[Date "2020.09.06"]
[Round "3"]
[White "imranchamp"]
[Black "Ben1927829"]
[Result "0-1"]
[ICCResult "White checkmated"]
[WhiteElo "1779"]
[BlackElo "1903"]
[Opening "French: Fort Knox variation"]
[ECO "C10"]
[NIC "FR.07"]
[Time "11:03:33"]
[TimeControl "5400+10"]

1. e4 e6 2. d4 d5 3. Nc3 dxe4 4. Nxe4 Bd7 5. Nf3 Bc6 6. Bd3 Nd7 7. O-O Ngf6
8. Nxf6+ Qxf6 9. c3 Bxf3 10. Qxf3 Qxf3 11. gxf3 O-O-O 12. Bf4 Bd6 13. Bg3
Nf6 14. Rfe1 Rhe8 15. Rad1 Nd5 16. Bc2 h5 17. a3 Be7 18. h3 h4 19. Bh2 Bd6
20. Re4 g5 21. Bxd6 Rxd6 22. Rg4 f6 23. Kh2 Nf4 24. Re1 c5 25. dxc5 Rd2 26.
Ba4 Rxf2+ 27. Kg1 Nxh3+ 28. Kh1 Rd8 29. Rxe6 Nf4 30. Rxf6 Rdd2 31. Rf8+ Kc7
32. Re8 Rh2+ 33. Kg1 Nh3+ 34. Kf1 Rdf2+ 35. Ke1 Rh1+ 36. Rg1 Rxg1#
{White checkmated}
0-1

[Event "ICC tourney 1994 (90 10)"]
[Site "Internet Chess Club"]
[Date "2020.09.06"]
[Round "3"]
[White "Jupiter435"]
[Black "Goran21"]
[Result "1-0"]
[ICCResult "Black resigns"]
[WhiteElo "2399"]
[BlackElo "2085"]
[Opening "King's Indian: Petrosian system"]
[ECO "E92"]
[NIC "KI.17"]
[Time "11:03:33"]
[TimeControl "5400+10"]

1. Nf3 Nf6 2. c4 g6 3. Nc3 Bg7 4. d4 O-O 5. e4 d6 6. Be2 e5 7. d5 Na6 8. Nd2
Ne8 9. h4 f5 10. h5 Nf6 11. hxg6 hxg6 12. exf5 gxf5 13. Nf3 f4 14. Ng5 Bf5
15. a3 Nc5 16. b4 Nce4 17. Ncxe4 Nxe4 18. Nxe4 Bxe4 19. Bg4 Bf5 20. Bxf5
Rxf5 21. Qg4 Qg5 22. Qxg5 Rxg5 23. g3 Rf5 24. g4 Rf7 25. Ra2 e4 26. Re2 Re8
27. f3 e3 28. Bb2 c6 29. Bxg7 Kxg7 30. dxc6 bxc6 31. Reh2 Kf8 32. Rh6 Ke7
33. R1h5 Rd8 34. Rh7 d5 35. Rxf7+ Kxf7 36. Rf5+ Kg6 37. Rxf4 d4 38. Re4 Kg5
39. c5 Kh4 40. Ke2 d3+ 41. Kd1 e2+ 42. Kd2 Kg3 43. g5 Kxf3 44. Re6 Kf2 45.
Rf6+ Kg2 46. Re6 Kf2 47. g6 Rg8 48. Rf6+ Kg3 49. Re6 Kf3 50. Rf6+ Ke4 51.
Rxc6 Kf5 52. Rd6 Re8 53. Ke1 Ke4 54. g7 Ke3 55. c6 Rg8 56. Re6+ Kd4 57. c7
Kd5 58. Re3 Kd4 59. Kd2 Kc4 60. Re4+ Kd5 61. Kxd3 Kd6 62. Rxe2 Kxc7 63. Rg2
Rxg7 64. Rxg7+ Kb6 65. Kc4 {Black resigns} 1-0

[Event "ICC tourney 1994 (90 10)"]
[Site "Internet Chess Club"]
[Date "2020.09.06"]
[Round "3"]
[White "ShadowApt"]
[Black "espark"]
[Result "0-1"]
[ICCResult "White resigns"]
[WhiteElo "2081"]
[BlackElo "2312"]
[Opening "Robatsch (modern) defense"]
[ECO "B06"]
[NIC "KF.05"]
[Time "11:04:18"]
[TimeControl "5400+10"]

1. e4 g6 2. d4 Bg7 3. Nc3 d6 4. Be3 a6 5. Qd2 b5 6. f3 Nd7 7. O-O-O Bb7 8.
g4 h6 9. h4 Rc8 10. g5 h5 11. Bh3 b4 12. Nce2 a5 13. e5 e6 14. Qd3 Ne7 15.
Nf4 O-O 16. Bxe6 fxe6 17. Nxe6 Qe8 18. Nxf8 Qxf8 19. Qb5 Bc6 20. Qxa5 Nd5
21. Qa6 Nxe3 22. Rd3 Nb8 {White resigns} 0-1

[Event "ICC tourney 1994 (90 10)"]
[Site "Internet Chess Club"]
[Date "2020.09.06"]
[Round "3"]
[White "knvsback"]
[Black "HarleyQueen8"]
[Result "0-1"]
[ICCResult "White resigns"]
[WhiteElo "1819"]
[BlackElo "1855"]
[Opening "Sicilian: Canal-Sokolsky attack, 3...Bd7"]
[ECO "B52"]
[NIC "SI.01"]
[Time "11:03:21"]
[TimeControl "5400+10"]

1. e4 c5 2. Nf3 d6 3. Bb5+ Bd7 4. Bxd7+ Qxd7 5. O-O Nc6 6. c3 Nf6 7. Re1 g6
8. d4 cxd4 9. cxd4 Bg7 10. Nc3 O-O 11. a3 a5 12. d5 Ne5 13. Nxe5 dxe5 14. a4
e6 15. dxe6 Qxe6 16. Qe2 Rfd8 17. Bg5 Rac8 18. Qb5 b6 19. Rad1 Rd4 20. f3
Rb4 21. Qe2 h6 22. Be3 Rbc4 23. Qd2 Kh7 24. Qd5 Nxd5 {White resigns} 0-1

[Event "ICC tourney 1994 (90 10)"]
[Site "Internet Chess Club"]
[Date "2020.09.06"]
[Round "3"]
[White "KnightHopper"]
[Black "tedchen"]
[Result "0-1"]
[ICCResult "White resigns"]
[WhiteElo "2027"]
[BlackElo "2365"]
[Opening "Robatsch (modern) defense"]
[ECO "B06"]
[NIC "KF.05"]
[Time "11:04:18"]
[TimeControl "5400+10"]

1. e4 g6 2. d4 Bg7 3. Nc3 d6 4. Be3 Nf6 5. f3 Nc6 6. Nge2 e5 7. d5 Ne7 8.
Qd2 O-O 9. Ng3 Nd7 10. h4 f5 11. exf5 gxf5 12. Bh6 f4 13. Bxg7 Kxg7 14. Nge4
Nf5 15. Ng5 Nc5 16. Nce4 Nxe4 17. Nxe4 Ne3 18. g3 Kh8 19. gxf4 Nxf1 20. Kxf1
Rxf4 21. Ng5 Qf6 22. Ke2 Bg4 23. Raf1 Rf8 24. Qd3 Bf5 25. Qc3 h6 26. Qxc7
Rc8 27. Nf7+ Kg7 28. Rfg1+ Kf8 29. Qxd6+ Kxf7 30. Qxf6+ Kxf6 31. c3 e4 32.
fxe4 Rxe4+ 33. Kd2 Rd8 34. Rh2 Rxd5+ 35. Kc1 Rg4 36. Rxg4 Bxg4 37. Rg2 h5
38. Kc2 Rf5 39. Rd2 Rf4 40. Rh2 Bf5+ 41. Kd2 Be6 42. b3 Kf5 43. Ke3 Re4+ 44.
Kd3 Bd5 45. c4 Bc6 46. b4 b5 47. cxb5 Bxb5+ 48. Kc3 Kg4 49. a4 Bxa4 50. Ra2
Be8 51. Rxa7 Kxh4 52. Rb7 Re5 53. Kd4 Rb5 {White resigns} 0-1

[Event "ICC tourney 1994 (90 10)"]
[Site "Internet Chess Club"]
[Date "2020.09.06"]
[Round "3"]
[White "IndianTerritory"]
[Black "Xuanli28"]
[Result "1/2-1/2"]
[ICCResult "Game drawn by mutual agreement"]
[WhiteElo "2005"]
[BlackElo "2103"]
[Opening "Sicilian: dragon, Yugoslav attack"]
[ECO "B75"]
[NIC "SI.17"]
[Time "11:03:27"]
[TimeControl "5400+10"]

1. e4 c5 2. Nf3 d6 3. d4 cxd4 4. Nxd4 Nf6 5. Nc3 g6 6. Be3 Bg7 7. f3 a6 8.
Bc4 b5 9. Bb3 Bb7 10. O-O Nbd7 11. a4 b4 12. Nd5 a5 13. Nxf6+ Bxf6 14. Bd5
Bxd5 15. exd5 O-O 16. Qe2 Qc7 17. Rae1 Rfc8 18. b3 Nb6 19. Nb5 Qb7 20. Bxb6
Qxb6+ 21. Rf2 Rc5 22. Qd3 Rac8 23. Kf1 Qb7 24. Rd1 Kg7 25. Re2 Be5 26. g3
Qd7 27. f4 Qh3+ 28. Kg1 Bf6 29. Na7 Rh8 30. Nc6 h5 31. Qf3 h4 32. Rd3 hxg3
33. hxg3 Qd7 34. g4 e6 35. g5 Bc3 36. Kg2 exd5 37. Ne7 d4 38. f5 gxf5 39.
Kf1 Re5 40. Rxe5 dxe5 41. Nxf5+ Kg6 42. Nh6 f5 43. gxf6 Rxh6 44. Qg2+ Kh7
45. Qe4+ {Game drawn by mutual agreement} 1/2-1/2

[Event "ICC tourney 1994 (90 10)"]
[Site "Internet Chess Club"]
[Date "2020.09.06"]
[Round "3"]
[White "edgehog"]
[Black "BirchRun"]
[Result "1/2-1/2"]
[ICCResult "Game drawn by mutual agreement"]
[WhiteElo "1976"]
[BlackElo "1897"]
[Opening "Caro-Kann: Tartakower (Nimzovich) variation"]
[ECO "B15"]
[NIC "CK.06"]
[Time "11:04:18"]
[TimeControl "5400+10"]

1. e4 c6 2. d4 d5 3. Nc3 dxe4 4. Nxe4 Nf6 5. Nxf6+ exf6 6. Nf3 Bd6 7. Be3
O-O 8. Bd3 Re8 9. O-O Nd7 10. c4 Nf8 11. Qc2 Be6 12. a3 a5 13. Bd2 Qc7 14.
c5 Bf4 15. g3 Bxd2 16. Qxd2 Bd5 17. Ne1 Qd7 18. Qc2 Qg4 19. f4 g6 20. Qf2
Re7 21. Nc2 Rae8 22. Rae1 Rxe1 23. Rxe1 Rxe1+ 24. Nxe1 Ne6 25. Be2 Qf5 26.
Bd3 Qg4 {Game drawn by mutual agreement} 1/2-1/2

[Event "ICC tourney 1994 (90 10)"]
[Site "Internet Chess Club"]
[Date "2020.09.06"]
[Round "3"]
[White "Monkeybomb3605"]
[Black "paciorkowski"]
[Result "0-1"]
[ICCResult "White resigns"]
[WhiteElo "2002"]
[BlackElo "2428"]
[Opening "Caro-Kann: Tartakower (Nimzovich) variation"]
[ECO "B15"]
[NIC "CK.06"]
[Time "11:03:27"]
[TimeControl "5400+10"]

1. e4 c6 2. d4 d5 3. Nc3 dxe4 4. Nxe4 Nf6 5. Nxf6+ exf6 6. c3 Bd6 7. Bd3 O-O
8. Qc2 Re8+ 9. Ne2 h5 10. Be3 Nd7 11. O-O-O Nf8 12. Kb1 Be6 13. c4 Rc8 14.
Nc3 Qa5 15. Ne4 Red8 16. a3 b5 17. c5 Bb8 18. Bd2 Qa6 19. Qc3 Qb7 20. f3 Qd7
21. Be3 Ng6 22. g3 Ne7 23. Qc2 a5 24. Bf4 Nf5 25. Qf2 Bxf4 26. gxf4 Qxd4 27.
Qd2 Qe3 28. Qc2 Qxf4 29. Rhg1 Ne3 30. Qd2 Rxd3 31. Qxd3 Nxd1 32. Qxd1 Bf5
33. Qd3 Bxe4 34. fxe4 Re8 {White resigns} 0-1

[Event "ICC tourney 1994 (90 10)"]
[Site "Internet Chess Club"]
[Date "2020.09.06"]
[Round "3"]
[White "andrewf2009"]
[Black "wangfang75"]
[Result "0-1"]
[ICCResult "White resigns"]
[WhiteElo "1844"]
[BlackElo "1901"]
[Opening "Ruy Lopez: Classical defense deferred"]
[ECO "C70"]
[NIC "RL.09"]
[Time "11:03:23"]
[TimeControl "5400+10"]

1. e4 e5 2. Nf3 Nc6 3. Bb5 a6 4. Ba4 Bc5 5. O-O b5 6. Bb3 Nf6 7. Nxe5 Nxe5
8. d4 Bxd4 9. Qxd4 Nc6 10. Qd1 O-O 11. Re1 Re8 12. Nd2 Bb7 13. f4 d6 14. c3
Na5 15. Bc2 Nc4 16. Nxc4 bxc4 17. Qd4 Ng4 18. h3 Qh4 19. Bd2 c5 20. Qxc4
Qf2+ 21. Kh1 Qxd2 22. hxg4 Qxc2 23. Re2 Rxe4 24. Qxf7+ Kxf7 25. Rxc2 Rxf4
26. Rd2 Rd8 27. Rad1 d5 28. g3 Rxg4 29. Kh2 Rg6 {White resigns} 0-1

[Event "ICC tourney 1994 (90 10)"]
[Site "Internet Chess Club"]
[Date "2020.09.06"]
[Round "3"]
[White "TanitoluwaA"]
[Black "BlueJay01"]
[Result "0-1"]
[ICCResult "White checkmated"]
[WhiteElo "2032"]
[BlackElo "2108"]
[Opening "Queen's pawn, Mason variation"]
[ECO "D00"]
[NIC "QP.08"]
[Time "11:03:37"]
[TimeControl "5400+10"]

1. d4 d5 2. Bf4 Nf6 3. e3 e6 4. c3 c5 5. Nd2 Nc6 6. Ngf3 cxd4 7. exd4 Nh5 8.
Bg5 f6 9. Bh4 Nf4 10. Bg3 Bd6 11. Bxf4 Bxf4 12. g3 Bd6 13. Bg2 O-O 14. O-O
Bd7 15. Re1 Qe7 16. c4 Qf7 17. Nh4 Kh8 18. Nhf3 Rac8 19. a3 Ne7 20. c5 Bc7
21. Bh3 Ng6 22. Nf1 e5 23. Bxd7 Qxd7 24. Ne3 e4 25. Nd2 f5 26. f4 Ne7 27. h4
Qc6 28. b4 Qh6 29. Rf1 Rcd8 30. a4 Ng6 31. Ng2 Ne7 32. Qc2 Qf6 33. Nb3 h6
34. Qd2 Rg8 35. Kf2 g6 36. Rh1 Kg7 37. Rag1 Kf7 38. Ne3 Rg7 39. b5 g5 40.
hxg5 hxg5 41. Ng2 Rdg8 42. fxg5 Qxg5 43. Qxg5 Rxg5 44. Nf4 Bxf4 45. gxf4 e3+
46. Kf1 e2+ 47. Kf2 Rxg1 48. Rh7+ R8g7 49. Rxg7+ Rxg7 50. Kxe2 Rg3 51. Na5
b6 52. Nb7 Ke8 53. c6 Nc8 54. a5 Rb3 55. axb6 axb6 56. Kd2 Rxb5 57. Kc2 Rb4
58. Kc3 Rc4+ 59. Kd3 Rxc6 60. Kd2 Rc7 61. Kd3 Rxb7 62. Kc3 Kd7 63. Kb3 Kc6
64. Kb4 Nd6 65. Kc3 Kb5 66. Kb3 Rh7 67. Kb2 Kc4 68. Kc2 Rh2+ 69. Kc1 Kd3 70.
Kb1 Kc3 71. Ka1 Kb3 72. Kb1 Rh1# {White checkmated} 0-1

[Event "ICC tourney 1994 (90 10)"]
[Site "Internet Chess Club"]
[Date "2020.09.06"]
[Round "3"]
[White "Solidwrench2"]
[Black "chessmate09520"]
[Result "1/2-1/2"]
[ICCResult "Game drawn by mutual agreement"]
[WhiteElo "1984"]
[BlackElo "2071"]
[Opening "Sicilian: accelerated fianchetto, modern variation"]
[ECO "B34"]
[NIC "SI.33"]
[Time "11:03:30"]
[TimeControl "5400+10"]

1. e4 c5 2. Nf3 Nc6 3. d4 cxd4 4. Nxd4 g6 5. Nc3 Bg7 6. Nb3 Nf6 7. Be2 O-O
8. O-O d6 9. Bg5 a5 10. a4 Be6 11. Kh1 Nb4 12. f4 Rc8 13. Bf3 Qc7 14. Re1
Rfd8 15. Qe2 Qb6 16. g3 Nxc2 17. Qxc2 Bxb3 18. Qg2 Rc7 19. e5 Ne8 20. Nd5
Bxd5 21. Bxd5 Rdc8 22. exd6 Qxd6 23. Rad1 Qb4 24. Qe2 e6 25. Bxe6 Ra8 26.
Rd7 Rxd7 27. Bxd7 Nf6 28. Bb5 Rc8 29. Rd1 h6 30. Bxf6 Bxf6 31. Rd7 b6 32.
Rb7 Qc5 33. Rd7 Qf5 34. Rd2 Kg7 35. Kg2 Qc5 36. b3 h5 37. h4 Rc7 38. Bc4 Re7
39. Qf2 Qc7 40. Re2 {Game drawn by mutual agreement} 1/2-1/2

[Event "ICC tourney 1994 (90 10)"]
[Site "Internet Chess Club"]
[Date "2020.09.06"]
[Round "3"]
[White "CARTERD253"]
[Black "saiabhi29"]
[Result "0-1"]
[ICCResult "White resigns"]
[WhiteElo "2194"]
[BlackElo "2069"]
[Opening "QGD semi-Slav: 5.e3"]
[ECO "D45"]
[NIC "SL.08"]
[Time "11:03:50"]
[TimeControl "5400+10"]

1. d4 d5 2. c4 c6 3. Nc3 Nf6 4. e3 e6 5. Nf3 Bd6 6. Qc2 O-O 7. e4 dxe4 8.
Nxe4 Bb4+ 9. Nc3 Nbd7 10. a3 Bxc3+ 11. Qxc3 Qc7 12. Be2 b6 13. O-O Bb7 14.
b4 c5 15. Bb2 Ne4 16. Qe3 Ndf6 17. Ne5 cxb4 18. axb4 Nd6 19. Rfd1 Nf5 20.
Qh3 Rfd8 21. g4 Ne7 22. g5 Ne4 23. Qg4 Ng6 24. f3 Nd6 25. Nxg6 hxg6 26. Qf4
Qe7 27. b5 Nf5 28. Rd3 e5 29. dxe5 Rxd3 30. Bxd3 Qc5+ 31. Kh1 Qf2 32. Be4
Qxb2 33. Rd1 Qe2 34. Qd2 Qxd2 35. Rxd2 Bxe4 36. fxe4 Ne3 37. c5 bxc5 38. Rd3
Ng4 {White resigns} 0-1